 Dungeon Crawl Stone Soup version 0.32-a0-999-gfa1cc04b1d (webtiles) character file.

Game seed: 12300111995495663576

703 Hubris850 the Sneak (level 7, 0/36 HPs)
             Began as a Vine Stalker Brigand on Apr 24, 2024.
             Was a Believer of Wu Jian.
             Incinerated by a bombardier beetle (1 damage)
             ... with a burning spray
             ... on level 5 of the Dungeon.
             The game lasted 00:12:42 (2913 turns).

Hubris850 the Sneak (Vine Stalker Brigand)          Turns: 2913, Time: 00:12:42

Health: 0/36       AC:  8    Str: 14    XL:     7   Next: 66%
Magic:  0/8        EV: 10    Int: 11    God:    Wu Jian [**....]
Gold:   213        SH:  0    Dex: 17    Spells: 6/6 levels left

rFire   + . .        a - +2 dagger
rCold   + . .        (no shield)
rNeg    . . .        o - +0 ring mail
rPois   .            h - +0 helmet
rElec   .            c - +0 cloak
rCorr   .            (no gloves)
SInv    .            B - +0 pair of boots
Will    .....        j - amulet of faith
Stlth   +            i - ring of protection from fire
HPRegen 1.06/turn    q - ring of protection from cold
MPRegen 0.11/turn

%: guardian spirit, faith
@: on fire, glowing
A: fangs 2, regeneration 1, magic shield, antimagic bite, no potion heal 2
a: Renounce Religion, Wall Jump


You were on level 5 of the Dungeon.
You worshipped Wu Jian.
Wu Jian was pleased with you.
You visited 1 branch of the dungeon, and saw 5 of its levels.
You also visited: Sewer.

You collected 213 gold pieces.

Inventory:

Hand Weapons
 a - a +2 dagger (weapon)
 v - a +3 quarterstaff of chaos
Missiles
 d - 16 poisoned darts (quivered)
 e - 3 curare-tipped darts
Armour
 b - a +0 robe
 c - a +0 cloak (worn)
 h - a +0 helmet (worn)
 l - a +0 leather armour
 o - a +0 ring mail (worn)
 B - a +0 pair of boots (worn)
Jewellery
 i - a ring of protection from fire (left hand)
 j - an amulet of faith (around neck)
 k - an amulet of regeneration
 q - a ring of protection from cold (right hand)
 G - a ring of protection from fire
Scrolls
 f - 2 scrolls of enchant armour {unknown}
 m - a scroll of poison {unknown}
 n - 2 scrolls of silence {unknown}
 s - 2 scrolls of fog {unknown}
 t - a scroll of butterflies {unknown}
 w - a scroll of vulnerability {unknown}
 y - 4 scrolls of fear {unknown}
 z - 2 scrolls of teleportation {unknown}
 C - a scroll of immolation {unknown}
 E - a scroll of enchant weapon {unknown}
 F - a scroll of identify {unknown}
 H - a scroll of brand weapon {unknown}
Potions
 g - 2 potions of haste {unknown}
 p - 2 potions of degeneration {unknown}
 r - 3 potions of enlightenment {unknown}
 u - 2 potions of attraction {unknown}
 x - a potion of brilliance {unknown}
 A - 2 potions of heal wounds {unknown}
 D - a potion of might {unknown}
 I - a potion of mutation {unknown}


   Skills:
 + Level 3.5 Fighting
 + Level 3.4 Short Blades
 + Level 3.4 Throwing
 + Level 2.2 Armour
 + Level 2.7 Dodging
 + Level 6.5 Stealth


You had 6 spell levels left.
You didn't know any spells.
Your spell library contained the following spells:

 Spells                   Type           Power      Damage    Failure   Level
 Blink                    Tloc           0%         N/A       71%         2
 Call Imp                 Summ           0%         N/A       71%         2
 Lesser Beckoning         Tloc           0%         N/A       71%         2
 Momentum Strike          Conj/Tloc      0%         3d8       71%         2
 Sublimation of Blood     Necr           0%         N/A       71%         2
 Sigil of Binding         Hex            0%         N/A       91%         3
 Anguish                  Hex/Necr       0%         N/A       100%        4
 Cause Fear               Hex            0%         N/A       100%        4
 Enfeeble                 Hex            0%         N/A       100%        7
 Summon Hydra             Summ           0%         N/A       100%        7


Dungeon Overview and Level Annotations

Branches:
Dungeon (5/15)             Temple (0/1) D:4           Sewer (visited)

Altars:
Wu Jian

Shops:
D:1 *   D:3 :   D:4 :


Innate Abilities, Weirdness & Mutations

You have extremely sharp teeth.
Your natural rate of healing is unusually fast.
When hurt, damage is shared between your health and your magic reserves.
Your bite disrupts and absorbs the magic of your enemies.
Potions cannot restore your health.


Message History

The Council accepts your kill.
The orc priest hits you but does no damage.
You hit the orc priest.
The orc priest is moderately wounded.
The orc hits you but does no damage. The orc priest hits you with a +0 club.
You hit the orc priest but do no damage.
The orc priest is moderately wounded.
The orc barely misses you. The orc priest hits you with a +0 club.
You barely miss the orc priest. Your bite misses the orc priest.
The orc priest is moderately wounded.
The orc hits you with a +0 club. The orc priest hits you with a +0 club.
You hit the orc priest. You bite the orc priest. You drain its power.
You feel invigorated.
The orc priest is severely wounded.
The orc barely misses you.
The orc priest hits you but does no damage.
You barely miss the orc priest.
The orc priest is severely wounded.
The orc hits you with a +0 club.
You hit the orc priest but do no damage.
Your bite misses the orc priest.
The orc priest is severely wounded.
The orc priest hits you with a +0 club.
You hit the orc priest but do no damage.
You bite the orc priest, but do no damage.
The orc priest is severely wounded.
The orc hits you but does no damage.
The orc priest mumbles some strange prayers to Beogh against you.
Beogh smites you!
* * * LOW HITPOINT WARNING * * *
The bombardier beetle sprays incendiary fluid at you.
The burning spray hits you.
You are covered in liquid fire!
Okay, then.
Unknown command.
Unknown command.
Unknown command.
You shake off some of the fire as you move.
The liquid fire burns you!
You die...

.# .# ##.####..
### ###........
....#######<†...#
..............###
......oo)##..##
.......).#.?##
......B.@..##
..........##
......(..##
.....>...#
..(......#
..(......#
.........#
....(...#


You could see a bombardier beetle, an orc priest and an orc.

Vanquished Creatures
  Pargi (Sewer)
  2 black bears
  A brain worm (Sewer)
  A scorpion (D:5)
  A bombardier beetle (D:4)
  Crazy Yiuf (D:2)
  An orc priest (D:5)
  Jessica (D:2)
  An iguana (D:4)
  An orc wizard (D:5)
  A gnoll (D:3)
  5 adders
  A dart slug (D:1)
  A ribbon worm (D:3)
  3 orcs
  3 bats
  10 endoplasms
  4 giant cockroaches
  5 hobgoblins
  9 jackals
  6 kobolds
  4 quokkas
  10 ball pythons
  7 frilled lizards
  5 goblins
  5 rats
90 creatures vanquished.

Notes
Turn   | Place    | Note
-------+----------+-------------------------------------------
     0 | D:1      | Hubris850 the Vine Stalker Brigand began the quest for the
                  | Orb.
     0 | D:1      | Reached XP level 1. HP: 11/11 MP: 2/2
   169 | D:1      | Reached skill level 1 in Dodging
   169 | D:1      | Reached XP level 2. HP: 15/15 MP: 3/3
   181 | D:1      | Reached skill level 5 in Stealth
   532 | D:1      | Reached XP level 3. HP: 18/18 MP: 4/4
   739 | D:1      | Found Xotsilun's General Store.
  1037 | D:2      | Found a runed translucent door.
  1038 | D:2      | Noticed Crazy Yiuf
  1046 | D:2      | Killed Crazy Yiuf
  1047 | D:2      | Reached XP level 4. HP: 9/23 MP: 3/5
  1098 | D:2      | Noticed Jessica
  1116 | D:2      | Killed Jessica
  1132 | D:2      | Found a faded altar of an unknown god.
  1140 | D:2      | Prayed at the altar of an unknown god.
  1140 | D:2      | Became a worshipper of the Wu Jian Council
  1140 | D:2      | Reached * piety under Wu Jian
  1184 | D:2      | Reached XP level 5. HP: 19/27 MP: 4/6
  1305 | D:3      | Reached skill level 1 in Armour
  1366 | D:3      | Found a glowing drain.
  1370 | Sewer    | Entered a sewer
  1415 | Sewer    | Noticed Pargi
  1418 | Sewer    | Killed Pargi
  1419 | Sewer    | Reached XP level 6. HP: 32/32 MP: 7/7
  1498 | Sewer    | Reached ** piety under Wu Jian
  1696 | D:3      | Found Teiwkino's Book Emporium.
  2255 | D:4      | Noticed a black bear
  2261 | D:4      | Killed a black bear
  2262 | D:4      | Reached skill level 6 in Stealth
  2265 | D:4      | Reached XP level 7. HP: 36/36 MP: 8/8
  2377 | D:4      | Found a staircase to the Ecumenical Temple.
  2740 | D:4      | Found Heopn's Book Shop.
  2826 | D:5      | Entered Level 5 of the Dungeon
  2912 | D:5      | HP: 1/36 [orc priest/divine providence (13)]
  2913 | D:5      | Incinerated by a bombardier beetle

Illustrated notes

Levels and vault maps discovered:
D:1:      giann_bridges, layout_loops_ring, serial_shops,
          nicolae_shop_real_fake_doors, minmay_pentomino_u4
D:2:      layout_rooms, chequers_ecumenical_altar_simple,
          uniq_crazy_yiuf_cottage, uniq_jessica
D:3:      layout_loops_cross, serial_shops, nicolae_shop_trees,
          mainiacjoe_sewer_entry_somewhere_in_here_2, roderic_serpentine_path
D:4:      minmay_angry_zag, layout_basic, minmay_temple_entry_offerings,
          serial_shops, shop_fountains
D:5:      layout_rooms, uniq_grinder

Skill      XL: |  1  2  3  4  5  6  7 |
---------------+----------------------+-----
Dodging        | 1 2 |  2.7
Stealth        | 5 6 |  6.5
Fighting       | 2 3 |  3.5
Short Blades   | 2 3 |  3.4
Throwing       | 2 3 |  3.4
Armour         | 1 2 |  2.2

Action                     |  1- 3 |  4- 6 |  7- 9 || total
---------------------------+-------+-------+-------++-------
  Melee: Dagger            |    87 |   128 |    95 ||   310
         Bite              |    13 |    27 |    35 ||    75
  Throw: Dart              |     3 |       |     5 ||     8
Ability: Whirlwind         |       |     4 |    11 ||    15
         Lunge             |       |     6 |     5 ||    11
         Wall Jump         |       |     1 |     2 ||     3
   Stab: Sleeping          |     7 |     7 |     6 ||    20
 Armour: Robe              |     9 |       |       ||     9
         Ring mail         |    33 |    72 |    52 ||   157
         Leather armour    |     1 |       |       ||     1
  Dodge: Dodged            |    41 |    59 |    38 ||   138

Table legend: (Time is in decaauts)
 A = Elapsed time spent in this place.
 B = Non-inter-level travel time spent in this place.
 C = Inter-level travel time spent in this place.
 D = Time resting spent in this place.
 E = Time spent auto-exploring this place.
 F = Levels seen in this place.
 G = Mean time per level.
                   A        B        C        D        E       F      G
               +--------+--------+--------+--------+--------+-----+--------+
         Total |   2923 |   2822 |    101 |     53 |   1879 |   6 |  487.2 |
       Dungeon |   2760 |   2659 |    101 |     53 |   1879 |   5 |  552.0 |
         Sewer |    162 |    162 |      0 |      0 |      0 |   1 |  162.0 |
               +--------+--------+--------+--------+--------+-----+--------+

Top non-repeatable levels by time:
     D:1: 775 daAuts
     D:4: 719 daAuts
     D:3: 697 daAuts
     D:2: 487 daAuts
   Sewer: 162 daAuts
     D:5: 81 daAuts
